 Dungeon Crawl Stone Soup version 0.20-a0-350-ga83eecc (webtiles) character file.

23 Duffy the Ducker (level 2, -4/14 HPs)
             Began as a Spriggan Transmuter on Dec 23, 2016.
             Killed from afar by Television's ghost (7 damage)
             ... with a magic dart
             ... on level 3 of the Dungeon.
             The game lasted 00:01:40 (1540 turns).

Duffy the Ducker (Spriggan Transmuter)              Turns: 1540, Time: 00:01:40

Health: -4/14      AC:  2    Str:  6    XL:     2   Next: 72%
Magic:  6/6        EV: 18    Int: 14    God:
Gold:   25         SH:  0    Dex: 16    Spells: 5/6 levels left

rFire  . . .     SeeInvis +       - Unarmed
rCold  . . .     Gourm    .     b - +0 robe
rNeg   . . .     Faith    .     (shield restricted)
rPois  .         Spirit   .     (helmet restricted)
rElec  .         Reflect  .     (no cloak)
rCorr  .         Harm     .     (gloves unavailable)
MR     .....                    (boots unavailable)
Stlth  +.........               (no amulet)
                                (no ring)
                                (no ring)

@: very quick
A: unfitting armour, see invisible, herbivore 3, speed 3, slow metabolism 2
a: no special abilities


You were on level 3 of the Dungeon.
You were not hungry.

You visited 1 branch of the dungeon, and saw 3 of its levels.

You collected 25 gold pieces.

Inventory:

Missiles
 a - 12 arrows
 e - 2 curare-tipped needles
Armour
 b - a +0 robe (worn)
Wands
 h - a wand of random effects (0/48)
Scrolls
 g - a scroll of remove curse {unknown}
 i - a scroll of enchant armour {unknown}
Potions
 f - a potion of flight {unknown}
Books
 c - a book of Changes

   Spells                             Type                      Level
   a - Beastly Appendage              Transmutation                1
   b - Sticks to Snakes               Transmutation                2
   c - Spider Form                    Transmutation/Poison         3
   d - Ice Form                       Ice/Transmutation            4
   e - Blade Hands                    Transmutation                5
Comestibles
 d - 2 bread rations


   Skills:
 + Level 1.5 Fighting
 - Level 3.0 Dodging
 + Level 2.9 Unarmed Combat
 - Level 2.6 Spellcasting
 - Level 2.6 Transmutations


You had 5 spell levels left.
You knew the following spells:

 Your Spells              Type           Power        Failure   Level  Hunger
a - Beastly Appendage     Tmut           #.....       10%         1    #......


Dungeon Overview and Level Annotations

Branches:
Dungeon (3/15)

Altars:
Vehumet

Annotations:
D:3 Television's ghost, amateur MiWz


Innate Abilities, Weirdness & Mutations

You are very small and have problems with some larger weapons.
You are too small for most types of armour.
You have supernaturally acute eyesight. (SInv)
You are a herbivore.
You cover ground extremely quickly.
You need consume almost no food.


Message History

You kill the orc!
You see here a mace.
You hit Television's ghost.
Television's ghost is lightly damaged.
Television's ghost keens inconsolably.
Television's ghost casts a spell at you.
The magic dart hits you!
You are too injured to fight recklessly!
You are too injured to fight recklessly!
You are too injured to fight recklessly!
You are too injured to fight recklessly!
You are too injured to fight recklessly!
You are too injured to fight recklessly!
You are too injured to fight recklessly!
You are too injured to fight recklessly!
You are too injured to fight recklessly!
Television's ghost points at you and mumbles some strange words.
The magic dart hits you!
Ouch! That really hurt!
You die...

#.# #.#
#.###########
#...........#
###########.#
#.# #.# #.#
#@# #.# #W#
#.. ###. .# #


You could see Television's ghost.

Vanquished Creatures
  An ooze (D:2)
  An orc (D:3)
  2 bats
  A giant cockroach (D:1)
  2 goblins
  4 hobgoblins
  A kobold (D:2)
  2 frilled lizards (D:3)
  A rat (D:3)
15 creatures vanquished.

Vanquished Creatures (collateral kills)
  A goblin (D:3)
1 creature vanquished.

Grand Total: 16 creatures vanquished

Notes
Turn   | Place    | Note
-------+----------+-------------------------------------------
     0 | D:1      | Duffy the Spriggan Transmuter began the quest for the Orb.
     0 | D:1      | Reached XP level 1. HP: 9/9 MP: 5/5
    52 | D:1      | Reached skill level 1 in Fighting
   299 | D:2      | Reached XP level 2. HP: 12/14 MP: 6/6
   921 | D:3      | Noticed Television's ghost (amateur MiWz)
  1007 | D:3      | Found a radiant altar of Vehumet.
  1540 | D:3      | Killed from afar by Television's ghost

Vault maps used:
D:1:      minmay_arrival_cross
D:3:      fiery_altar_vehumet, old_standard_altar

Skill      XL: |  1 |
---------------+----+-----
Fighting       | 1 |  1.5
Dodging        | |  3.0
Unarmed Combat | |  2.9
Spellcasting   | |  2.6
Transmutations | |  2.6

Action                   || total
-------------------------++-------
Melee: Unarmed           ||    84
Evoke: Wand              ||     6
 Stab: Sleeping          ||     3
Armor: Robe              ||     6
Dodge: Dodged            ||    68
